 Dungeon Crawl Stone Soup version 0.17.1-3-g152610e (webtiles) character file.

651 kaze the Ruffian (level 7, -5/68 HPs)
             Began as a Troll Berserker on Mar 10, 2016.
             Was a Priest of Trog.
             Shot with an arrow by a centaur (12 damage)
             ... on level 5 of the Dungeon.
             The game lasted 00:05:40 (2703 turns).

kaze the Ruffian (Troll Berserker)                  Turns: 2703, Time: 00:05:41

Health: -5/68      AC:  5    Str: 28    XL:     7   Next: 28%
Magic:  6/6        EV: 11    Int:  3    God:    Trog [***...]
Gold:   214        SH:  0    Dex:  9    Spells: 0 memorised, 6 levels left

rFire  . . .     SeeInvis .       - Unarmed
rCold  . . .     Clarity  .     a - +0 animal skin
rNeg   . . .     SustAt   .     (no shield)
rPois  .         Gourm    +     (helmet restricted)
rElec  .         Spirit   .     (no cloak)
rCorr  .         Warding  .     (gloves unavailable)
rMut   .         Stasis   .     (boots unavailable)
MR     ++...                    (no amulet)
Stlth  +.........               (no ring)
                                (no ring)

@: regenerating, very resistant to hostile enchantments, very unstealthy
A: unfitting armour, claws 3, fast metabolism 3, gourmand, regeneration 2,
shaggy fur 1, spit poison 1, tough skin 2
a: Spit Poison, Berserk, Trog's Hand, Burn Spellbooks, Renounce Religion


You were on level 5 of the Dungeon.
You worshipped Trog.
Trog was most pleased with you.
You were completely stuffed.

You visited 1 branch of the dungeon, and saw 5 of its levels.

You collected 214 gold pieces.

Inventory:

Armour
 a - a +0 animal skin (worn)
Jewellery
 x - an uncursed ring of fire {unknown}
Wands
 l - a wand of magic darts (38)
Scrolls
 c - 2 scrolls of remove curse
 d - 8 scrolls of identify {unknown}
 e - 3 scrolls of recharging {unknown}
 g - 2 scrolls of amnesia {unknown}
 j - a scroll of random uselessness {unknown}
 o - a scroll of blinking {unknown}
 r - a scroll of enchant weapon {unknown}
 s - a scroll of fog {unknown}
 w - a scroll of immolation {unknown}
Potions
 h - a potion of lignification {unknown}
 i - 2 potions of brilliance {unknown}
 m - 2 potions of cancellation {unknown}
 n - 3 potions of beneficial mutation {unknown}
 p - a potion of cure mutation {unknown}
 q - 2 potions of curing {unknown}
 u - 3 potions of flight {unknown}
Comestibles
 b - 4 bread rations
 f - 2 meat rations
 k - a fruit
 t - a royal jelly
 v - 7 chunks of flesh


   Skills:
 + Level 3.9 Fighting
 + Level 5.0 Dodging
 - Level 0.7 Stealth
 + Level 5.3 Unarmed Combat


You had 6 spell levels left.
You didn't know any spells.

Dungeon Overview and Level Annotations

Branches:
Dungeon (5/15)             Temple (0/1) D:5

Altars:
Trog


Innate Abilities, Weirdness & Mutations

You are too large for most types of armour.
You have claws for hands.
Your metabolism is lightning-fast.
You like to eat raw meat.
You heal very quickly.
You are covered in fur (AC +1).
You have very tough skin (AC +2).
You can spit weak poison.


Message History

The giant cockroach bites you but does no damage.
The centaur shoots an arrow.
The arrow hits you.
* * * LOW HITPOINT WARNING * * *
You claw the ogre!
You kill the ogre!
Trog accepts your kill.
Your Dodging skill increases to level 5!
The giant cockroach bites you.
* * * LOW HITPOINT WARNING * * *
The centaur shoots an arrow.
The arrow completely misses you.
You are too injured to fight recklessly!
You are too injured to fight recklessly!
You are too injured to fight recklessly!
You are too injured to fight recklessly!
The giant cockroach bites you but does no damage.
The centaur shoots an arrow.
The arrow misses you. The giant cockroach bites you.
* * * LOW HITPOINT WARNING * * *
The centaur shoots an arrow.
The arrow hits you!
You die...

#....##.#...
....## .
#.......#.....#
##.## #
##.######.. .. #
.# #.# #.# .# ..
#.# ##.##.##.##
#.# ###)........#
#.# #..(s........
##.###.#..⌠..(⌠..#
#...##.#..@!.....#
#...........>.....
#...##.#.........#
######.#..⌠..c⌠..#
#............
#.#.....$...#
#.##.##.##.##
#..... ....# ###
### ##


You could see a centaur and a giant cockroach.

Vanquished Creatures
  2 ogres
  A sky beast (D:5)
  A phantom (D:5)
  2 crimson imps (D:5)
  Jessica (D:2)
  Natasha (thrice) (D:2)
  A worker ant (D:5)
  A killer bee zombie (D:5)
  A hound skeleton (D:4)
  4 adders
  A gnoll (D:1)
  An adder skeleton (D:5)
  2 worms (D:2)
  A giant gecko (D:5)
  4 orcs
  4 giant cockroaches
  5 goblins
  8 hobgoblins
  7 jackals
  6 kobolds
  4 bats
  4 giant newts
  A quokka (D:3)
  6 rats
71 creatures vanquished.

Notes
Turn   | Place    | Note
--------------------------------------------------------------
     0 | D:1      | kaze the Troll Berserker began the quest for the Orb.
     0 | D:1      | Reached XP level 1. HP: 22/22 MP: 0/0
   241 | D:1      | Reached XP level 2. HP: 27/29 MP: 1/1
   864 | D:1      | Reached ** piety under Trog
   864 | D:1      | Reached XP level 3. HP: 33/36 MP: 2/2
   889 | D:2      | Noticed Jessica
   899 | D:2      | Killed Jessica
  1036 | D:2      | Noticed Natasha
  1044 | D:2      | Killed Natasha
  1044 | D:2      | Reached XP level 4. HP: 41/45 MP: 3/3
  1317 | D:2      | Noticed Natasha
  1332 | D:2      | Killed Natasha
  1400 | D:2      | Found a bloodstained altar of Trog.
  1468 | D:2      | Noticed Natasha
  1471 | D:2      | Killed Natasha
  1713 | D:3      | Reached skill level 4 in Unarmed Combat
  1716 | D:3      | Reached XP level 5. HP: 51/53 MP: 4/4
  2215 | D:4      | Noticed an ogre
  2224 | D:4      | Killed an ogre
  2352 | D:4      | Reached *** piety under Trog
  2495 | D:5      | Entered Level 5 of the Dungeon
  2507 | D:5      | Reached XP level 6. HP: 52/61 MP: 5/5
  2565 | D:5      | Noticed a sky beast
  2575 | D:5      | Killed a sky beast
  2591 | D:5      | Gained mutation: You can spit weak poison. [mutagenic meat]
  2663 | D:5      | Found a staircase to the Ecumenical Temple.
  2663 | D:5      | Noticed a phantom
  2684 | D:5      | Killed a phantom
  2684 | D:5      | Reached skill level 5 in Unarmed Combat
  2684 | D:5      | Reached XP level 7. HP: 51/68 MP: 6/6
  2689 | D:5      | Noticed an ogre
  2701 | D:5      | Killed an ogre
  2701 | D:5      | Reached skill level 5 in Dodging
  2703 | D:5      | Shot with an arrow by a centaur

Action                   |  1- 3 |  4- 6 |  7- 9 || total
-------------------------+-------+-------+-------++-------
Melee: Unarmed           |    83 |   153 |     9 ||   245
Invok: Berserk           |       |     2 |       ||     2
       Burn Spellbooks   |       |     1 |       ||     1
       Trog's Hand       |       |       |     1 ||     1
  Use: Scroll            |       |     1 |       ||     1
 Stab: Sleeping          |     1 |       |       ||     1
  Eat: Chunk             |    15 |    18 |     1 ||    34
